 Dungeon Crawl Stone Soup version 0.28-b1-1-g3c77fb2ed1 (webtiles) character file.

Game seed: 5530220038099280930

385 ISoar the Slasher (level 6, -1/53 HPs)
             Began as a Gnoll Cinder Acolyte on Jan 29, 2022.
             Was a High Priest of Ignis.
             Slain by an orc wizard (2 damage)
             ... on level 4 of the Dungeon.
             The game lasted 00:06:31 (3732 turns).

ISoar the Slasher (Gnoll Cinder Acolyte)            Turns: 3732, Time: 00:06:31

Health: -1/53      AC:  2    Str: 15    XL:     6   Next: 77%
Magic:  11/11      EV: 11    Int: 14    God:    Ignis [*****.]
Gold:   229        SH:  0    Dex:  7    Spells: 12/12 levels left

rFire   + . .      SeeInvis .   a - -1 falchion (flame)
rCold   + . .      Faith    .   (no shield)
rNeg    . . .      Spirit   .   b - +0 robe
rPois   .          Reflect  .   (no helmet)
rElec   .          Harm     .   (no cloak)
rCorr   .          Rampage  .   (no gloves)
Will    .....                   (no boots)
Stlth   ++........              (no amulet)
HPRegen 0.17/turn               o - ring of protection from cold
MPRegen 0.12/turn               (no ring)

@: no status effects
A: fangs 1, strong nose, distributed training
a: Renounce Religion, Fiery Armour, Foxfire Swarm, Rising Flame


You were on level 4 of the Dungeon.
You worshipped Ignis.
Ignis was extremely pleased with you.
You visited 1 branch of the dungeon, and saw 4 of its levels.
You also visited: Sewer.

You collected 229 gold pieces.

Inventory:

Hand Weapons
 a - a -1 falchion of flaming (weapon)
Armour
 b - a +0 robe (worn)
Magical Staves
 f - a staff of cold
Jewellery
 h - a ring of wizardry
 o - a ring of protection from cold (left hand)
Wands
 e - a wand of flame (6)
Scrolls
 g - 2 scrolls of identify {unknown}
 k - a scroll of vulnerability {unknown}
Potions
 c - 2 potions of degeneration {unknown}
 d - a potion of curing {unknown}
 i - 3 potions of haste
 j - a potion of ambrosia {unknown}
 l - a potion of invisibility {unknown}
 m - a potion of cancellation {unknown}
 n - a potion of might {unknown}


   Skills:
 + Level 6.9 Fighting
 + Level 2.1 Short Blades
 + Level 6.9 Long Blades
 + Level 2.1 Axes
 + Level 2.1 Maces & Flails
 + Level 2.1 Polearms
 + Level 2.1 Staves
 + Level 2.1 Slings
 + Level 2.1 Bows
 + Level 2.1 Crossbows
 + Level 2.1 Throwing
 + Level 2.1 Armour
 + Level 2.1 Dodging
 + Level 2.1 Stealth
 + Level 2.1 Shields
 + Level 2.1 Unarmed Combat
 + Level 3.5 Spellcasting
 + Level 1.6 Conjurations
 + Level 1.6 Hexes
 + Level 1.6 Summonings
 + Level 1.6 Necromancy
 + Level 1.6 Translocations
 + Level 1.6 Transmutations
 + Level 5.7 Fire Magic
 + Level 1.6 Ice Magic
 + Level 1.6 Air Magic
 + Level 1.6 Earth Magic
 + Level 1.6 Poison Magic
 + Level 2.3 Invocations
 + Level 2.1 Evocations


You had 12 spell levels left.
You didn't know any spells.
Your spell library contained the following spells:

 Spells                   Type           Power      Damage    Failure   Level
 Scorch                   Fire           36%        2d7       3%          2
 Gell's Gravitas          Tloc           7%         N/A       30%         3
 Lesser Beckoning         Tloc           7%         N/A       30%         3
 Teleport Other           Tloc           7%         N/A       30%         3


Dungeon Overview and Level Annotations

Branches:
Dungeon (4/15)              Sewer (visited)
 Temple: D:4-7

Altars:
Gozag


Innate Abilities, Weirdness & Mutations

You have very sharp teeth.
Your uncanny sense of smell can sniff out nearby items.
Your experience applies equally to all skills.


Message History

You barely miss something. The orc barely misses you.
You hit the orc. You burn the orc.
You kill the orc!
Something hits you.
The kobold throws a stone.
The stone hits you but does no damage.
The orc hits you from afar with a +0 trident.
Something hits you but does no damage. The orc closely misses you.
There is an open door, spattered with blood here.
Things that are here:
a +0 dagger; an orc corpse You hit the kobold.
You burn the kobold.
You kill the kobold!
Something hits you.
* * * LOW HITPOINT WARNING * * *
You barely miss the orc. You bite the orc.
The orc is lightly wounded.
The orc misses you. Something hits you.
* * * LOW HITPOINT WARNING * * *
You slash the orc! You burn the orc.
You kill the orc!
Something hits you.
* * * LOW HITPOINT WARNING * * *
You barely miss something. Something hits you.
* * * LOW HITPOINT WARNING * * *
You hit something but do no damage. Something hits you.
* * * LOW HITPOINT WARNING * * *
You closely miss something. Your bite misses something. Something hits you.
* * * LOW HITPOINT WARNING * * *
You barely miss something. Something hits you.
* * * LOW HITPOINT WARNING * * *
You hit something. You burn something. Something hits you.
* * * LOW HITPOINT WARNING * * *
You hit something but do no damage. Something hits you.
* * * LOW HITPOINT WARNING * * *
You barely miss something. Something hits you but does no damage.
You miss something. Your bite misses something. Something hits you.
* * * LOW HITPOINT WARNING * * *
You hit something but do no damage. Something hits you but does no damage.
You barely miss something. Something hits you.
You die...

... ### ..######+###
#.###########...........
.......<....+...........
............#...........
............#...........
#.....##....#..)))......
#.....#####)####@#
#.....##....##..{#
#......#.........#
#...>..#.........#
#......#.........#
#......#....######
#.....##....#
#.....##....#
#.....#.....#


There were no monsters in sight!

Vanquished Creatures
  Sigmund (D:2)
  A water moccasin (Sewer)
  3 adders
  A white imp (D:3)
  2 worms (D:3)
  A dart slug (D:3)
  7 orcs
  4 endoplasms (D:1)
  2 giant cockroaches
  11 goblins
  10 hobgoblins
  3 quokkas
  6 ball pythons
  10 bats
  2 frilled lizards
  7 kobolds
  6 rats
77 creatures vanquished.

Vanquished Creatures (others)
  18 foxfires (D:2)
18 creatures vanquished.

Grand Total: 95 creatures vanquished

Notes
Turn   | Place    | Note
-------+----------+-------------------------------------------
     0 | D:1      | ISoar the Gnoll Cinder Acolyte began the quest for the Orb.
     0 | D:1      | Reached XP level 1. HP: 23/23 MP: 4/4
   100 | D:1      | Reached XP level 2. HP: 21/29 MP: 5/5
  1003 | D:1      | Reached XP level 3. HP: 29/35 MP: 7/7
  1374 | D:2      | Noticed Sigmund
  1380 | D:2      | Killed Sigmund
  1381 | D:2      | Reached skill level 1 in Short Blades
  1381 | D:2      | Reached skill level 1 in Axes
  1381 | D:2      | Reached skill level 1 in Maces & Flails
  1381 | D:2      | Reached skill level 1 in Polearms
  1381 | D:2      | Reached skill level 1 in Staves
  1381 | D:2      | Reached skill level 1 in Slings
  1381 | D:2      | Reached skill level 1 in Bows
  1381 | D:2      | Reached skill level 1 in Crossbows
  1381 | D:2      | Reached skill level 1 in Throwing
  1381 | D:2      | Reached skill level 1 in Armour
  1381 | D:2      | Reached skill level 1 in Dodging
  1381 | D:2      | Reached skill level 1 in Stealth
  1381 | D:2      | Reached skill level 1 in Shields
  1381 | D:2      | Reached skill level 1 in Unarmed Combat
  1381 | D:2      | Reached skill level 1 in Conjurations
  1381 | D:2      | Reached skill level 1 in Hexes
  1381 | D:2      | Reached skill level 1 in Summonings
  1381 | D:2      | Reached skill level 1 in Necromancy
  1381 | D:2      | Reached skill level 1 in Translocations
  1381 | D:2      | Reached skill level 1 in Transmutations
  1381 | D:2      | Reached skill level 1 in Ice Magic
  1381 | D:2      | Reached skill level 1 in Air Magic
  1381 | D:2      | Reached skill level 1 in Earth Magic
  1381 | D:2      | Reached skill level 1 in Poison Magic
  1381 | D:2      | Reached skill level 1 in Invocations
  1381 | D:2      | Reached skill level 1 in Evocations
  1381 | D:2      | Reached XP level 4. HP: 39/41 MP: 8/8
  1381 | D:2      | Reached XP level 5. HP: 44/47 MP: 9/9
  1946 | D:2      | Found an opulent altar of Gozag.
  1970 | D:2      | Reached XP level 6. HP: 50/53 MP: 10/10
  2667 | D:3      | Found a glowing drain.
  2673 | Sewer    | Entered a sewer
  2883 | Sewer    | Noticed a water moccasin
  2898 | Sewer    | Killed a water moccasin
  3730 | D:4      | HP: 1/53 [something (4)]
  3732 | D:4      | Slain by an orc wizard

Illustrated notes

Levels and vault maps discovered:
D:1:      dpeg_arrival_subterranean_lakeside_camping, layout_basic,
          serial_glass, glass_columns_c, glass_columns_a
D:2:      layout_rooms, basic_altar, minmay_goblin_outpost, uniq_sigmund
D:3:      kennysheep_six_static_rooms, layout_loops_ring,
          gup_sewer_entry_bubbles
D:4:      layout_gridville, mainiacjoe_overflow_alcove_1,
          amcnicky_altar_lugonu_corruption, uniq_blork_the_orc

Skill      XL: |  1  2  3  4  5  6 |
---------------+-------------------+-----
Short Blades   | 1 2 |  2.1
Axes           | 1 2 |  2.1
Maces & Flails | 1 2 |  2.1
Polearms       | 1 2 |  2.1
Staves         | 1 2 |  2.1
Slings         | 1 2 |  2.1
Bows           | 1 2 |  2.1
Crossbows      | 1 2 |  2.1
Throwing       | 1 2 |  2.1
Armour         | 1 2 |  2.1
Dodging        | 1 2 |  2.1
Stealth        | 1 2 |  2.1
Shields        | 1 2 |  2.1
Unarmed Combat | 1 2 |  2.1
Spellcasting   | 3 |  3.5
Conjurations   | 1 |  1.6
Hexes          | 1 |  1.6
Summonings     | 1 |  1.6
Necromancy     | 1 |  1.6
Translocations | 1 |  1.6
Transmutations | 1 |  1.6
Ice Magic      | 1 |  1.6
Air Magic      | 1 |  1.6
Earth Magic    | 1 |  1.6
Poison Magic   | 1 |  1.6
Invocations    | 1 2 |  2.3
Evocations     | 1 2 |  2.1
Fighting       | |  6.9
Long Blades    | |  6.9
Fire Magic     | |  5.7

Action                   |  1- 3 |  4- 6 || total
-------------------------+-------+-------++-------
Melee: Falchion          |    79 |   172 ||   251
       Bite              |     5 |    15 ||    20
Invok: Foxfire Swarm     |     1 |       ||     1
       Fiery Armour      |       |     1 ||     1
  Use: Potion            |       |     3 ||     3
 Stab: Sleeping          |     1 |     2 ||     3
Armor: Robe              |    25 |    36 ||    61
Dodge: Dodged            |    48 |   105 ||   153
